 Dungeon Crawl Stone Soup version 0.27.0-1-g7a089689b8 (webtiles) character file.

Game seed: 13556943312143929971

154 Smaepdii the Cutter (level 5, -3/24 HPs)
             Began as a Spriggan Enchanter on Aug 3, 2021.
             Was an Initiate of Ashenzari.
             Slain by an ogre (27 damage)
             ... on level 4 of the Dungeon.
             The game lasted 00:44:30 (6330 turns).

Smaepdii the Cutter (Spriggan Enchanter)            Turns: 6330, Time: 00:44:30

Health: -3/24      AC:  2    Str:  4    XL:     5   Next: 13%
Magic:  7/10       EV: 17    Int: 16    God:    Ashenzari [......]
Gold:   158        SH:  0    Dex: 17    Spells: 3/9 levels left

rFire    . . .     SeeInvis +   d - +0 short sword (holy)
rCold    . . .     Faith    .   (shield restricted)
rNeg     . . .     Spirit   .   b - +0 robe
rPois    +         Reflect  .   (helmet restricted)
rElec    .         Harm     .   (no cloak)
rCorr    .         Rampage  .   (gloves unavailable)
Will     .....                  (boots unavailable)
Stlth    +++.......             l - amulet of magic regeneration
HPRegen  0.08/turn              e - ring of poison resistance
MPRegen  0.37/turn              (no ring)

@: very quick
A: very small, no large weapons, unfitting armour, see invisible, speed 3
a: Renounce Religion


You were on level 4 of the Dungeon.
You worshipped Ashenzari.
Ashenzari was noncommittal.
You visited 1 branch of the dungeon, and saw 4 of its levels.

You collected 158 gold pieces.

Inventory:

Hand Weapons
 a - a +1 dagger
 d - a +0 short sword of holy wrath (weapon)
 i - a +0 dagger of venom
 r - a +0 rapier
Armour
 b - a +0 robe (worn)
Jewellery
 e - a ring of poison resistance (left hand)
 f - an amulet of reflection
 l - an amulet of magic regeneration (around neck)
Wands
 p - a wand of iceblast (5)
Scrolls
 g - a scroll of enchant weapon
 h - a scroll of acquirement
 j - a scroll of fog
Potions
 c - a potion of mutation
 k - 3 potions of curing
 m - 2 potions of brilliance
 n - 2 potions of heal wounds
 o - a potion of resistance
 q - a potion of flight


   Skills:
 * Level 5.3 Short Blades
 - Level 2.6 Dodging
 - Level 4.4 Stealth
 - Level 2.6 Spellcasting
 - Level 4.0 Hexes


You had 3 spell levels left.
You knew the following spells:

 Your Spells              Type           Power      Damage    Failure   Level
a - Corona                Hex            15%        N/A       3%          1
b - Ensorcelled Hibernat  Hex/Ice        16%        N/A       13%         2
c - Confusing Touch       Hex            14%        N/A       11%         3

Your spell library contained the following spells:

 Spells                   Type           Power      Damage    Failure   Level
 Tukima's Dance           Hex            14%        N/A       11%         3
 Dazzling Flash           Conj/Hex       16%        N/A       26%         3
 Passwall                 Tmut/Erth      1%         N/A       28%         2
 Swiftness                Air            2%         N/A       50%         3
 Invisibility             Hex            7%         N/A       99%         6


Dungeon Overview and Level Annotations

Branches:
Dungeon (4/15)
 Temple: D:4-7

Altars:
Ashenzari
Hepliaklqana
Nemelex Xobeh


Innate Abilities, Weirdness & Mutations

You are very small and have problems with some larger weapons.
You are too small for most types of armour.
You have supernaturally acute eyesight. (SInv)
You cover ground extremely quickly. (Speed+++)


Message History

A ball python comes into view.
Found a potion of berserk rage.
Found a stone staircase leading down.
The helpless ball python fails to defend itself.
You impale the ball python!!
You kill the ball python!
An ogre and a skeleton come into view.
The adder skeleton moves out of view.
Found a scroll of noise.
Found 12 gold pieces.
The ogre shouts!
A dart slug comes into view.
A ball python comes into view.
Casting: Ensorcelled Hibernation (safe; 13% risk of failure)
Confirm with . or Enter, or press ? or * to list all spells.
Aiming: Ensorcelled Hibernation (safe; 13% risk of failure)
Press: ? - help, Shift-Dir - straight line, f - ogre
Aim: an ogre, wielding a +0 giant club (chance to affect: 39%)
The ogre resists with some effort.
Casting: Ensorcelled Hibernation (safe; 13% risk of failure)
Confirm with . or Enter, or press ? or * to list all spells.
Aiming: Ensorcelled Hibernation (safe; 13% risk of failure)
Press: ? - help, Shift-Dir - straight line, f/p - ogre
Aim: an ogre, wielding a +0 giant club (chance to affect: 39%)
Okay, then.
Press: ? - help, v - describe, . - travel
Here: an ogre, wielding a +0 giant club The floor.
Casting: Ensorcelled Hibernation (safe; 13% risk of failure)
Confirm with . or Enter, or press ? or * to list all spells.
Aiming: Ensorcelled Hibernation (safe; 13% risk of failure)
Press: ? - help, Shift-Dir - straight line, f/p - ogre
Aim: an ogre, wielding a +0 giant club (chance to affect: 39%)
The ogre looks drowsy...
The helpless ogre fails to defend itself.
You impale the ogre!!
The ogre is severely wounded.
The ogre hits you with a +0 giant club!!
Ouch! That really hurt!
You die...

## ..........#>.O.....
.. ........##........
#.# #.......#........
#.. #................
#.. #................
#.#####......†########
##...........###
#.....#####O.#
.....###.#####@.# ####
#.##.....#
#..#....######
###.#.........# .
###.....#.).....# ..
###...###.........#
#......####..........#
..###..# #..........#
...#.###..#.......#


You could see an ogre.

Vanquished Creatures
  Ijyb (D:3)
  Terence (D:3)
  4 adders
  A worm (D:2)
  An orc (D:3)
  3 endoplasms
  2 giant cockroaches
  4 goblins
  9 hobgoblins
  9 jackals
  8 ball pythons
  4 bats
  3 frilled lizards
  7 kobolds
  5 rats
62 creatures vanquished.

Notes
Turn   | Place    | Note
-------+----------+-------------------------------------------
     0 | D:1      | Smaepdii the Spriggan Enchanter began the quest for the
                  | Orb.
     0 | D:1      | Reached XP level 1. HP: 9/9 MP: 5/5
   493 | D:1      | Reached skill level 2 in Short Blades
   879 | D:1      | Reached XP level 2. HP: 8/13 MP: 4/6
  1818 | D:1      | Found a faded altar of an unknown god.
  2056 | D:1      | Learned a level 2 spell: Ensorcelled Hibernation
  2106 | D:2      | Reached skill level 3 in Short Blades
  2313 | D:2      | Reached XP level 3. HP: 11/16 MP: 0/8
  2428 | D:2      | Found a hazy altar of Hepliaklqana.
  3540 | D:3      | Found a sparkling altar of Nemelex Xobeh.
  3544 | D:3      | Reached skill level 4 in Short Blades
  3544 | D:3      | Reached XP level 4. HP: 21/21 MP: 9/9
  3635 | D:3      | Noticed Terence
  3883 | D:3      | HP: 1/21 [Terence (1)]
  4428 | D:2      | Learned a level 3 spell: Confusing Touch
  4978 | D:3      | Noticed Ijyb
  5000 | D:3      | Killed Ijyb
  5288 | D:3      | Reached skill level 5 in Short Blades
  5434 | D:3      | HP: 1/21 [Terence (5)]
  5894 | D:3      | Found a broken altar of Ashenzari.
  5900 | D:3      | Became a worshipper of Ashenzari the Shackled
  6200 | D:3      | Killed Terence
  6200 | D:3      | Identified a scroll of acquirement
  6201 | D:3      | Reached XP level 5. HP: 24/24 MP: 8/10
  6304 | D:4      | Noticed an ogre
  6330 | D:4      | Slain by an ogre

Illustrated notes

Levels and vault maps discovered:
D:1:      dpeg_arrival_boxes_within_box, layout_loops_ring,
          chequers_ecumenical_altar_island, kennysheep_pointless_box
D:2:      layout_basic, basic_altar, minmay_tromino_i4
D:3:      layout_loops_ring, marbit_many_paths, old_standard_altar,
          uniq_terence, uniq_ijyb
D:4:      layout_rooms, lemuel_doored_altar, serial_curves, eino_curves_03,
          eino_curves_04, minmay_misc_feat_nine_boxes, wad_floor_pattern_1,
          kennysheep_generic_room_8

Skill      XL: |  1  2  3  4 |
---------------+-------------+-----
Short Blades   | 2 3 4 5 |  5.3
Hexes          | 4 |  4.0
Dodging        | |  2.6
Stealth        | |  4.4
Spellcasting   | |  2.6

Action                   |  1- 3 |  4- 6 || total
-------------------------+-------+-------++-------
Melee: Dagger            |    26 |       ||    26
       Short sword       |    92 |    96 ||   188
 Cast: Corona            |    20 |    19 ||    39
       Ensorcelled Hiber |    23 |    15 ||    38
       Confusing Touch   |       |     4 ||     4
  Use: Scroll            |       |     7 ||     7
 Stab: Sleeping          |    27 |    15 ||    42
       Confused          |       |     1 ||     1
Armor: Robe              |    11 |     4 ||    15
Dodge: Dodged            |    81 |    83 ||   164
